 Dungeon Crawl Stone Soup version 0.18.1-50-g88ac8fd (webtiles) character file.

15680 Chiseanne the Imperceptible (level 12, -2/53 HPs)
             Began as a Spriggan Assassin on Mar 28, 2017.
             Was an Initiate of Gozag.
             Slain by a rust devil (9 damage)
             ... summoned by Frances
             ... on level 12 of the Dungeon.
             The game lasted 00:50:56 (15964 turns).

Chiseanne the Imperceptible (Spriggan Assassin)    Turns: 15964, Time: 00:50:56

Health: -2/53      AC:  5    Str: 11    XL:     12   Next: 3%
Magic:  13/13      EV: 27    Int: 13    God:    Gozag
Gold:   772        SH:  0    Dex: 22    Spells: 0 memorised, 11 levels left

rFire  . . .     SeeInvis +     v - +6 trident "Meoso" {pierce, Str+4}
rCold  . . .     Gourm    .     R - +1 robe "Riwijoqe" {Regen+ rCorr}
rNeg   . . .     Faith    .     (shield currently unavailable)
rPois  .         Spirit   .     (helmet restricted)
rElec  .         Dismiss  .     d - +1 cloak
rCorr  +         Reflect  .     (gloves unavailable)
SustAt .         Harm     .     (boots unavailable)
MR     ++...                    z - amulet of regeneration
Stlth  ++++++++++               b - ring of stealth
                                n - ring of stealth

@: very quick, very resistant to hostile enchantments, uncannily stealthy
A: unfitting armour, see invisible, herbivore 3, speed 3, slow metabolism 2
a: Potion Petition, Call Merchant, Bribe Branch, Renounce Religion


You were on level 12 of the Dungeon.
You worshipped Gozag.
Gozag was noncommittal.
You were full.

You visited 1 branch of the dungeon, and saw 13 of its levels.
You also visited: Ossuary.

You collected 2792 gold pieces.
You spent 675 gold pieces at shops.
You paid 1345 gold pieces to Gozag.

Inventory:

Hand Weapons
 a - a +6 dagger of venom
 c - a +1 dagger of flaming
 e - a +1 hunting sling of freezing
 r - the +7 hand axe "Anoel" {chop, +Rage, unknown}
   (You found it on level 11 of the Dungeon)

   It inflicts extra damage upon your enemies.
   It lets you go berserk.
 s - a +0 long sword of flaming
 v - the +6 trident "Meoso" (weapon) {pierce, Str+4}
   (You found it on level 4 of the Dungeon)

   It inflicts extra damage upon your enemies.
   It affects your strength (+4).
 w - a +0 blowgun
 I - a +3 falchion of freezing
 O - a +0 rapier of speed
Missiles
 h - 201 stones (quivered)
 k - 56 sling bullets
 m - 181 arrows
 o - 53 bolts
 t - 18 poisoned needles
 x - 9 tomahawks
Armour
 d - a +1 cloak (worn)
 R - the +1 robe "Riwijoqe" (worn) {Regen+ rCorr}
   (You bought it in a shop on level 10 of the Dungeon)

   It increases your rate of regeneration.
   It protects you from acid and corrosion.
Magical Staves
 y - an uncursed staff of wizardry
Rods
 T - a +0 rod of shadows (14/14)
   (You found it on level 10 of the Dungeon)
Jewellery
 b - a ring of stealth (right hand)
 l - an uncursed ring of protection from fire
 n - a ring of stealth (left hand)
 z - an amulet of regeneration (around neck)
 L - an uncursed ring of protection from magic
 N - a +4 amulet of reflection {unknown}
Scrolls
 j - a scroll of recharging
 p - a scroll of silence
 H - 4 scrolls of teleportation
 J - 2 scrolls of remove curse
 K - 3 scrolls of amnesia
 M - a scroll of enchant armour
Potions
 i - 7 potions of curing
 q - a potion of flight
 u - 2 potions of resistance
 A - 2 potions of cancellation
 B - a potion of might {unknown}
 D - a potion of cure mutation {unknown}
 E - 2 potions of heal wounds
 F - a potion of haste {unknown}
 G - a potion of ambrosia
 S - a potion of brilliance {unknown}
 U - a potion of agility
Books
 P - a book of the Tempests

   Spells                             Type                      Level
   a - Static Discharge               Conjuration/Air              3
   b - Lightning Bolt                 Conjuration/Air              5
   c - Fireball                       Conjuration/Fire             5
   d - Tornado                        Air                          9
   e - Shatter                        Earth                        9
 Q - a book of Geomancy

   Spells                             Type                      Level
   a - Sandblast                      Earth                        1
   b - Passwall                       Transmutation/Earth          2
   c - Stone Arrow                    Conjuration/Earth            3
   d - Petrify                        Transmutation/Earth          4
   e - Lee's Rapid Deconstruction     Earth                        5
Comestibles
 g - 5 bread rations
 C - 13 fruits


   Skills:
 - Level 1.5 Fighting
 - Level 5.1 Short Blades
 - Level 12.0(12.1) Slings
 - Level 2.0(6.8) Throwing
 - Level 8.7 Dodging
 + Level 21.3 Stealth


You had 11 spell levels left.
You didn't know any spells.

Dungeon Overview and Level Annotations

Branches:
Dungeon (13/15)            Temple (0/1) D:7            Lair (0/8) D:11
    Orc (0/2) D:11
 Vaults: D:13-14

Altars:
Ashenzari
Cheibriados
Dithmenos
Elyvilon
Fedhas
Gozag
Kikubaaqudgha
Nemelex Xobeh
Okawaru
Pakellas
Qazlal
Sif Muna
Vehumet
Yredelemnul
The Shining One

Shops:
D:4 !   D:6 (   D:8 (   D:9 =   D:10 [   D:11 !

Annotations:
D:2 exclusion: oklob plant
D:3 Grinder
D:8 Grum
D:9 Chiseanne's ghost, novice SpAs
D:12 Frances


Innate Abilities, Weirdness & Mutations

You are tiny and cannot use many weapons and most armour.
You have supernaturally acute eyesight.
You are a herbivore.
You cover ground extremely quickly.
You need consume almost no food.


Message History

The rust devil closely misses you.
You hit Frances.
Frances is severely wounded.
You completely miss Frances.
Frances is severely wounded.
The rust devil closely misses you.
Frances hits you with a battleaxe of electrocution!
You are electrocuted!
Okay, then.
Drink which item? (? for menu, Esc to quit)
You feel much better. The rust devil hits you.
Wield which item (- for none, * to show all)? (? for menu, Esc to quit)
Your +6 dagger of venom stops dripping with poison.
v - the +6 trident "Meoso" (weapon)
{pierce, Str+4} Frances hits you with a battleaxe of electrocution!!
You are electrocuted!
* * * LOW HITPOINT WARNING * * *
The rust devil hits you!
You die...
Your body crumbles into a pile of gold.

#.......#.#.########
#>.................#
#.#.......#######..#
#.#<.....?# ###..##
#.#.####.## #.....#
#.#......# #.###.#
#.###.#### #3# .#
#.#############@# ..
#.............#@####.#
#.............4........
#############.###.###.#
#.....# #######


You could see Frances, a sun demon and a rust devil.

Vanquished Creatures
  Erolcha (D:10)
  A centaur warrior (D:9)
  An unseen horror (D:11)
  4 hill giants
  A cyclops (D:11)
  2 ugly things (D:11)
  A manticore (D:11)
  A kobold demonologist (D:11)
  3 trolls
  A two-headed ogre (D:8)
  6 slime creatures
  2 wraiths (D:11)
  6 yaks (D:11)
  A wyvern (D:7)
  A shadow (D:11)
  2 hippogriffs
  A steam dragon (D:11)
  A mottled dragon (D:7)
  2 water moccasins
  3 orc warriors
  3 phantoms
  A sky beast (D:8)
  4 ice beasts
  A wasp (D:9)
  A necrophage (D:9)
  3 wolves (D:8)
  5 ogres
  3 centaurs
  A crocodile (D:9)
  An elf zombie (Ossuary)
  5 giant frogs
  3 scorpions
  6 killer bees (D:8)
  A howler monkey (D:4)
  2 troll zombies (D:11)
  9 wights
  3 electric eels (D:6)
  2 crimson imps
  A quasit (D:9)
  A giant frog zombie (D:8)
  5 centaur zombies
  3 jellies
  5 hounds
  8 orc priests
  A centaur skeleton (D:6)
  3 giant frog skeletons
  3 iguanas
  Jessica (D:3)
  11 worker ants
  14 orc wizards
  7 ogre zombies
  2 hound skeletons
  8 mummies
  Robin (D:3)
  A worker ant zombie (D:9)
  3 gnolls (D:7)
  2 howler monkey skeletons
  11 adders
  2 shadow imps
  3 adder zombies
  2 adder skeletons
  A worm (D:3)
  A dart slug (D:5)
  3 giant geckos
  37 orcs
  A ball python (D:5)
  7 giant cockroaches
  14 goblins
  8 hobgoblins
  10 jackals
  13 kobolds
  4 quokkas
  5 bats
  3 giant newts
  A gnoll zombie (Ossuary)
  2 goblin skeletons (D:11)
  9 goblin zombies
  2 hobgoblin skeletons (D:11)
  3 hobgoblin zombies
  7 kobold zombies (Ossuary)
  An orc skeleton (D:11)
  18 orc zombies
  A quokka skeleton (D:10)
  2 quokka zombies (Ossuary)
  9 rats
  3 rat zombies (Ossuary)
  4 plants (D:11)
362 creatures vanquished.

Vanquished Creatures (others)
  14 plants (D:11)
14 creatures vanquished.

Grand Total: 376 creatures vanquished

Notes
Turn   | Place    | Note
--------------------------------------------------------------
     0 | D:1      | Chiseanne the Spriggan Assassin began the quest for the Orb.
     0 | D:1      | Reached XP level 1. HP: 10/10 MP: 2/2
    34 | D:1      | Reached skill level 6 in Stealth
   217 | D:1      | You fall through a shaft!
   264 | D:1      | Reached XP level 2. HP: 14/14 MP: 3/3
   635 | D:1      | Reached skill level 7 in Stealth
  1153 | D:2      | Reached XP level 3. HP: 18/18 MP: 4/4
  1428 | D:2      | Reached skill level 8 in Stealth
  1573 | D:2      | Found a blossoming altar of Fedhas.
  1592 | D:2      | Noticed an oklob plant
  2040 | D:2      | Found a white marble altar of Elyvilon.
  2125 | D:3      | Found a shattered altar of Ashenzari.
  2150 | D:3      | Reached XP level 4. HP: 20/22 MP: 5/5
  2210 | D:3      | Noticed an ice beast
  2255 | D:3      | Noticed Robin
  2507 | D:3      | Noticed Jessica
  2514 | D:3      | Killed Jessica
  2514 | D:3      | Reached skill level 9 in Stealth
  2535 | D:3      | Found a shadowy altar of Dithmenos.
  2763 | D:3      | Killed Robin
  3026 | D:3      | Noticed Grinder
  3030 | D:3      | Reached XP level 5. HP: 25/25 MP: 6/6
  3047 | D:3      | Reached skill level 10 in Stealth
  3494 | D:4      | Noticed a phantom
  3500 | D:4      | Killed a phantom
  3500 | D:4      | Reached skill level 11 in Stealth
  3500 | D:4      | Reached XP level 6. HP: 30/30 MP: 7/7
  3551 | D:4      | Got a pitted trident
  3633 | D:4      | Found an opulent altar of Gozag.
  3660 | D:4      | Became a worshipper of Gozag Ym Sagoz the Greedy
  3672 | D:4      | Reached skill level 12 in Stealth
  3787 | D:4      | Found Olaneil's Distillery.
  3890 | D:4      | Reached XP level 7. HP: 14/33 MP: 8/8
  4201 | D:5      | Entered Level 5 of the Dungeon
  4808 | D:5      | Found a glowing golden altar of the Shining One.
  4850 | D:5      | Reached skill level 1 in Slings
  5167 | D:5      | Found a sparkling altar of Nemelex Xobeh.
  5176 | D:5      | Found a stormy altar of Qazlal.
  5190 | D:5      | Found a basalt altar of Yredelemnul.
  5309 | D:5      | Found a snail-covered altar of Cheibriados.
  5908 | D:5      | Got a shimmering hunting sling
  5909 | D:5      | Found an opulent altar of Gozag.
  6129 | D:5      | Found an ancient bone altar of Kikubaaqudgha.
  6466 | D:6      | Found a sand-covered staircase.
  6476 | Ossuary  | Entered an ossuary
  6876 | Ossuary  | Reached XP level 8. HP: 37/37 MP: 9/9
  7218 | Ossuary  | Reached skill level 5 in Short Blades
  7457 | Ossuary  | Identified the cursed +0 hunting sling "Plog" {velocity, *Confuse rElec rC+ SInv} (You found it on level 5 of the Dungeon)
  7946 | D:6      | Reached skill level 5 in Dodging
  8380 | D:6      | Bought 35 sling bullets for 227 gold pieces
  8713 | D:6      | Found an opulent altar of Gozag.
  8922 | D:6      | Found a deep blue altar of Sif Muna.
  9215 | D:7      | Identified the +6 trident "Meoso" {pierce, Str+4} (You found it on level 4 of the Dungeon)
  9586 | D:7      | Found a staircase to the Ecumenical Temple.
  9934 | D:7      | Reached skill level 5 in Slings
 10059 | D:7      | Reached XP level 9. HP: 34/41 MP: 10/10
 10391 | D:7      | Found an oddly glowing altar of Pakellas.
 10392 | D:7      | Found a radiant altar of Vehumet.
 10642 | D:6      | Bought a +1 hunting sling of freezing for 126 gold pieces
 10727 | D:8      | Found a blossoming altar of Fedhas.
 10776 | D:8      | Found an iron altar of Okawaru.
 10782 | D:8      | Found Hygrodenk's Antique Weapon Shop.
 11018 | D:8      | Noticed Grum
 11318 | D:8      | Reached skill level 10 in Slings
 11981 | D:8      | Reached XP level 10. HP: 46/46 MP: 11/11
 12294 | D:9      | Reached skill level 13 in Stealth
 12387 | D:9      | Noticed a centaur warrior
 12391 | D:9      | Killed a centaur warrior
 12391 | D:9      | Reached skill level 14 in Stealth
 12418 | D:9      | Noticed Chiseanne's ghost (novice SpAs)
 12439 | D:9      | Found Hyomed's Jewellery Shoppe.
 12804 | D:9      | Reached skill level 15 in Stealth
 13043 | D:10     | Entered Level 10 of the Dungeon
 13178 | D:10     | Noticed Erolcha
 13183 | D:10     | Killed Erolcha
 13183 | D:10     | Reached skill level 16 in Stealth
 13401 | D:10     | Bought the +1 robe "Riwijoqe" {Regen+ rCorr} for 274 gold pieces
 13441 | D:10     | Noticed a hill giant
 13442 | D:10     | Noticed a hill giant
 13520 | D:10     | Killed a hill giant
 13520 | D:10     | Reached skill level 17 in Stealth
 13520 | D:10     | Reached XP level 11. HP: 49/49 MP: 12/12
 13549 | D:10     | Killed a hill giant
 13857 | D:11     | Noticed an unseen horror
 13969 | D:11     | Reached skill level 18 in Stealth
 14014 | D:11     | Killed an unseen horror
 14128 | D:11     | Got a translucent hand axe
 14136 | D:11     | Noticed a hill giant
 14140 | D:11     | Killed a hill giant
 14155 | D:11     | Reached skill level 19 in Stealth
 14338 | D:11     | Found a staircase to the Lair.
 14383 | D:11     | Noticed a hill giant
 14389 | D:11     | Killed a hill giant
 14409 | D:11     | Found a staircase to the Orcish Mines.
 15032 | D:11     | Found Plog's Distillery.
 15201 | D:11     | Reached skill level 20 in Stealth
 15325 | D:11     | Bought a potion of agility for 48 gold pieces
 15527 | D:11     | Noticed a brown ugly thing
 15529 | D:11     | Killed a brown ugly thing
 15566 | D:11     | Noticed a purple ugly thing
 15586 | D:11     | Killed a purple ugly thing
 15725 | D:11     | Identified a +0 rod of shadows (14/14) (You found it on level 10 of the Dungeon)
 15777 | D:12     | Noticed Frances
 15821 | D:13     | Reached skill level 21 in Stealth
 15864 | D:12     | Reached XP level 12. HP: 41/53 MP: 13/13
 15964 | D:12     | Slain by a rust devil

Skill      XL: |  1  2  3  4  5  6  7  8  9 10 11 |
---------------+----------------------------------+-----
Stealth        | 6 7 8 9 11 12 17 21 | 21.3
Slings         | 4 5 11 12 | 12.0
Short Blades   | 3 5 |  5.1
Dodging        | 8 |  8.7
Fighting       | |  1.5
Throwing       | |  2.0

Action                   |  1- 3 |  4- 6 |  7- 9 | 10-12 || total
-------------------------+-------+-------+-------+-------++-------
Melee: Dagger            |   114 |    84 |   283 |   277 ||   758
       Long sword        |       |       |   110 |       ||   110
       Trident           |       |       |     9 |    68 ||    77
 Fire: Blowgun           |    15 |     8 |    37 |    23 ||    83
       Hunting sling     |       |       |   141 |   162 ||   303
Throw: Stone             |       |       |     1 |     1 ||     2
Invok: Call Merchant     |       |       |     1 |     1 ||     2
  Use: Scroll            |     8 |     2 |    10 |     6 ||    26
       Potion            |       |       |     1 |     1 ||     2
 Stab: Sleeping          |    12 |    13 |    59 |    48 ||   132
       Distracted        |     1 |       |     4 |    10 ||    15
  Eat: Fruit             |       |       |    13 |       ||    13
       Pizza             |       |       |     2 |     1 ||     3
Armor: Robe              |    15 |     8 |    22 |     9 ||    54
       Animal skin       |       |       |     7 |    11 ||    18
Dodge: Dodged            |    70 |    45 |   295 |   216 ||   626
